 Dungeon Crawl Stone Soup version 0.22.0-75-g3901e7991e (webtiles) character file.

22077 Gunterle the Grappler (level 12, -12/120 HPs)
             Began as a Troll Monk on Sept 11, 2018.
             Mangled by a seven-headed hydra (13 damage)
             ... on level 4 of the Lair of Beasts on Sept 12, 2018.
             The game lasted 01:22:30 (15005 turns).

Gunterle the Grappler (Troll Monk)                 Turns: 15005, Time: 01:22:31

Health: -12/120    AC:  7    Str: 26    XL:     12   Next: 59%
Magic:  0/11       EV: 15    Int:  6    God:
Gold:   714        SH:  0    Dex: 15    Spells: 9/11 levels left

rFire    . . .     SeeInvis .     - Unarmed
rCold    . . .     Gourm    +   (no shield)
rNeg     . . .     Faith    .   e - +0 troll leather armour
rPois    .         Spirit   +   (helmet restricted)
rElec    .         Reflect  .   X - scarf {repulsion}
rCorr    .         Harm     .   (gloves unavailable)
MR       +....                  (boots unavailable)
Stlth    ++........             p - amulet of guardian spirit
HPRegen  1.10/turn              Q - +3 ring of dexterity
MPRegen  0.12/turn              k - ring of protection from magic

@: repel missiles
A: large, unfitting armour, claws 3, fast metabolism 3, gourmand, regeneration
1, shaggy fur 1, tough skin 2
a: no special abilities


You were on level 4 of the Lair of Beasts.
You were completely stuffed.

You visited 3 branches of the dungeon, and saw 17 of its levels.
You also visited: Sewer and Ossuary.

You collected 999 gold pieces.
You spent 285 gold pieces at shops.

Inventory:

Hand Weapons
 j - a +4 mace
 r - a +4 dire flail of holy wrath
 L - a +2 giant spiked club of protection
Missiles
 a - 75 arrows
 g - 3 large rocks (quivered)
 E - 6 poisoned needles
 F - 5 tomahawks
 T - 2 javelins
Armour
 e - a +0 troll leather armour (worn)
 X - a scarf of repulsion (worn)
Magical Staves
 c - an uncursed staff of summoning {unknown}
Jewellery
 k - a ring of protection from magic (right claw)
 p - an amulet of guardian spirit (around neck)
 J - an uncursed ring of flight
 K - an uncursed ring of see invisible
 Q - a +3 ring of dexterity (left claw)
Wands
 h - a wand of scattershot (6)
 v - a wand of enslavement (11)
 z - a wand of digging (12)
 H - a wand of polymorph (15)
 M - a wand of paralysis (17)
 P - a wand of flame (67)
Scrolls
 d - 4 scrolls of remove curse
 s - 6 scrolls of teleportation
 w - 5 scrolls of amnesia
 y - a scroll of fear
 A - a scroll of immolation
 D - 3 scrolls of blinking
 G - a scroll of fog
 N - 3 scrolls of enchant armour
 O - a scroll of brand weapon
Potions
 f - 2 potions of might
 i - a potion of ambrosia
 l - 3 potions of cancellation
 m - a potion of invisibility
 n - 8 potions of mutation
 o - 7 potions of haste
 q - 5 potions of flight
 t - 9 potions of curing
 u - a potion of brilliance
 x - 3 potions of agility
 B - 5 potions of heal wounds
 C - a potion of lignification {unknown}
Miscellaneous
 Z - a phantom mirror
Comestibles
 b - 30 rations
 I - 7 chunks of flesh


   Skills:
 + Level 8.2 Fighting
 - Level 2.8 Maces & Flails
 + Level 8.4 Throwing
 + Level 3.0 Armour
 + Level 8.3 Dodging
 - Level 1.0 Stealth
 * Level 13.1 Unarmed Combat


You had 9 spell levels left.
You knew the following spells:

 Your Spells              Type           Power        Failure   Level  Hunger
a - Swiftness             Chrm/Air       #.......     63%         2    ###....

Your spell library contained the following spells:

 Spells                   Type           Power        Failure   Level  Hunger
 Corona                   Hex            #......      50%         1    ##.....
 Freeze                   Ice            #...         50%         1    ##.....
 Shock                    Conj/Air       #...         50%         1    ##.....
 Slow                     Hex            #.......     63%         2    ###....
 Throw Frost              Conj/Ice       #.....       63%         2    ###....
 Inner Flame              Hex/Fire       #.......     86%         3    ####...
 Ozocubu's Armour         Chrm/Ice       #.......     86%         3    ####...
 Portal Projectile        Hex/Tloc       #.....       86%         3    ####...
 Static Discharge         Conj/Air       #.......     86%         3    ####...
 Airstrike                Air            #.........   99%         4    #####..
 Cause Fear               Hex            #.........   99%         4    #####..
 Leda's Liquefaction      Hex/Erth       #.........   99%         4    #####..
 Summon Ice Beast         Ice/Summ       #.......     99%         4    #####..
 Throw Icicle             Conj/Ice       #.......     99%         4    #####..
 Lightning Bolt           Conj/Air       #.........   100%        5    ######.


Dungeon Overview and Level Annotations

Branches:
Dungeon (12/15)            Temple (1/1) D:7            Lair (4/6) D:10
 Spider (0/4) Lair:2          Orc (0/2) D:10
  Swamp: Lair:2-4    Shoals: Lair:2-4

Altars:
Ashenzari
Cheibriados
Dithmenos
Elyvilon
Fedhas
Gozag
Hepliaklqana
Kikubaaqudgha
Makhleb
Nemelex Xobeh
Okawaru
Qazlal
Ru
Sif Muna
Trog
Uskayaw
Vehumet
Wu Jian
Xom
Yredelemnul
Zin
The Shining One

Shops:
D:7 [   D:8 *}*   D:10 (   D:11 :

Portals:
Trove: D:10 (give 9 potions of agility)

Annotations:
D:9 3 runed doors, Eurus's ghost, novice DrTm
D:11 3 runed doors
Lair:4 exclusion: oklob plant


Innate Abilities, Weirdness & Mutations

You are too large for most types of armour.
You have claws for hands.
Your metabolism is lightning-fast.
You like to eat raw meat.
Your natural rate of healing is unusually fast.
You are covered in fur. (AC +1)
You have very tough skin. (AC +2)


Message History

Press: ? - help, Shift-Dir - straight line, f/p - seven-headed hydra
Aim: a seven-headed hydra (heavily wounded)
You throw a large rock.
The large rock barely misses the seven-headed hydra.
The seven-headed hydra closely misses you.
The seven-headed hydra barely misses you. x2
The seven-headed hydra misses you. The seven-headed hydra bites you.
* * * LOW HITPOINT WARNING * * *
The seven-headed hydra bites you.
* * * LOW HITPOINT WARNING * * *
The seven-headed hydra bites you!
* * * LOW HITPOINT WARNING * * *
The seven-headed hydra bites you!
* * * LOW HITPOINT WARNING * * *
The seven-headed hydra bites you but does no damage.
The seven-headed hydra closely misses you.
The seven-headed hydra bites you!
* * * LOW HITPOINT WARNING * * *
The seven-headed hydra bites you!
You die...

****** *** ###############
*,##,#*#*,*******
.#..#.##.##.#.####.#.#P.,*,**,*,*
........................,,,,,,,,,
........................,,,,,,,,,
..#P..###..##.##@.......,,,,,,,,,
#.##..# #####.##D...#.#.*,,,,,,,,
#.#P.########.##(.......,,,,,,,,,
.....###........#..#....,,,,,,,,,
..P......<......+...,...,,,*,,,,,
###.<#.#......##P...#,..****,,,,,
####..##PP##.##*,....,,P,,**,,,,,
.#.#.######*##**,.....,,,,,,,,,,,
.....##.#...*,***,,,,,,,,,,,,,,,,


You could see a seven-headed hydra.

Vanquished Creatures
  2 hydras
  3 unseen horrors
  An orc knight (D:10)
  A cyclops (D:11)
  A black mamba (Lair:3)
  8 spiny frogs
  A rime drake (Lair:2)
  5 komodo dragons
  3 trolls
  Prince Ribbit (D:7)
  5 blink frogs (Lair:1)
  A hippogriff (Lair:1)
  2 redbacks (Lair:2)
  A spriggan (D:8)
  2 wyverns
  2 shadows
  11 yaks
  A hungry ghost (D:12)
  A water moccasin (Lair:3)
  11 porcupines
  A black bear (D:8)
  5 sky beasts
  5 orc warriors
  4 ice beasts
  A necrophage (D:12)
  3 phantoms
  13 crocodiles
  5 centaurs
  6 ogres
  8 big kobolds
  11 bullfrogs
  A wyvern zombie (D:7)
  5 scorpions
  6 killer bees
  5 wights
  8 crimson imps
  6 centaur zombies
  5 hounds
  A quasit (D:6)
  A bullfrog skeleton (D:6)
  2 centaur skeletons
  6 orc priests
  2 jellies
  8 iguanas
  5 worker ants
  12 orc wizards
  A killer bee zombie (D:6)
  A big kobold zombie (Ossuary)
  A hound zombie (D:7)
  A howler monkey zombie (D:6)
  5 mummies
  A worker ant zombie (D:7)
  8 gnolls
  16 adders
  2 river rats (Sewer)
  5 shadow imps
  5 oozes
  An adder zombie (D:5)
  2 adder skeletons (D:5)
  4 worms
  5 dart slugs
  8 leopard geckos
  52 orcs
  6 giant cockroaches
  9 goblins
  7 hobgoblins
  13 jackals
  6 quokkas
  3 ball pythons
  8 bats
  4 frilled lizards
  5 hobgoblin zombies (Ossuary)
  A jackal skeleton (D:4)
  26 kobolds
  A quokka zombie (D:6)
  28 rats
433 creatures vanquished.

Vanquished Creatures (others)
  2 plants (D:10)
2 creatures vanquished.

Grand Total: 435 creatures vanquished

Notes
Turn   | Place    | Note
-------+----------+-------------------------------------------
     0 | D:1      | Gunterle the Troll Monk began the quest for the Orb.
     0 | D:1      | Reached XP level 1. HP: 22/22 MP: 0/0
   132 | D:1      | Reached XP level 2. HP: 29/29 MP: 1/1
  1227 | D:2      | Found an ancient bone altar of Kikubaaqudgha.
  1291 | D:2      | Reached XP level 3. HP: 36/36 MP: 2/2
  1328 | D:2      | Reached skill level 1 in Throwing
  1430 | D:2      | Reached XP level 4. HP: 39/44 MP: 3/3
  1710 | D:2      | Reached skill level 4 in Unarmed Combat
  1889 | D:2      | Found a sparkling altar of Nemelex Xobeh.
  2283 | D:3      | Reached XP level 5. HP: 44/53 MP: 1/4
  2588 | D:3      | Found a snail-covered altar of Cheibriados.
  3186 | D:4      | Reached XP level 6. HP: 50/61 MP: 3/5
  3267 | D:4      | Reached skill level 5 in Unarmed Combat
  3730 | D:4      | Found a burning altar of Makhleb.
  3880 | D:5      | Entered Level 5 of the Dungeon
  3941 | D:5      | Noticed a sky beast
  3956 | D:5      | Killed a sky beast
  3956 | D:5      | Reached XP level 7. HP: 35/67 MP: 2/6
  3995 | D:5      | Reached skill level 6 in Unarmed Combat
  4110 | D:5      | Found a glowing silver altar of Zin.
  4160 | D:4      | Reached XP level 8. HP: 44/78 MP: 4/7
  4286 | D:5      | Found a shattered altar of Ashenzari.
  4289 | D:5      | Found an opulent altar of Gozag.
  4328 | D:5      | Found a glowing drain.
  4333 | Sewer    | Entered a sewer
  4431 | Sewer    | Reached skill level 7 in Unarmed Combat
  5040 | D:6      | Reached skill level 5 in Dodging
  5040 | D:6      | Reached skill level 8 in Unarmed Combat
  5052 | D:6      | Reached XP level 9. HP: 83/87 MP: 8/8
  5206 | D:6      | Found a sand-covered staircase.
  5216 | Ossuary  | Entered an ossuary
  5223 | Ossuary  | Reached skill level 5 in Fighting
  5661 | D:6      | Learned a level 2 spell: Swiftness
  5794 | D:7      | Reached skill level 5 in Throwing
  5832 | D:7      | Noticed Prince Ribbit
  5854 | D:7      | Reached skill level 9 in Unarmed Combat
  5901 | D:7      | Found Fidil's Armour Boutique.
  6162 | D:7      | Killed Prince Ribbit
  6391 | D:7      | Reached XP level 10. HP: 79/98 MP: 6/9
  6417 | D:7      | Found a bloodstained altar of Trog.
  6492 | D:7      | Found a staircase to the Ecumenical Temple.
  6498 | Temple   | Entered the Ecumenical Temple
  6785 | D:7      | Found a snail-covered altar of Cheibriados.
  6864 | D:8      | Found Poero's Assorted Antiques.
  6880 | D:8      | Bought an opal ring for 145 gold pieces
  7245 | D:8      | Found Jissuin's General Store.
  7255 | D:8      | Reached skill level 10 in Unarmed Combat
  7265 | D:8      | Bought a scroll of identify for 24 gold pieces
  7455 | D:8      | Found Josm's Gadget Shop.
  8211 | D:9      | Found a stormy altar of Qazlal.
  8227 | D:9      | Found a runed gate.
  8227 | D:9      | Found a runed gate.
  8227 | D:9      | Found a runed gate.
  8227 | D:9      | Noticed Eurus's ghost (novice DrTm)
  8399 | D:9      | Reached skill level 1 in Maces & Flails
  8597 | D:9      | Found a blossoming altar of Fedhas.
  8882 | D:10     | Entered Level 10 of the Dungeon
  9021 | D:10     | Noticed an unseen horror
  9029 | D:10     | Killed an unseen horror
  9128 | D:9      | Reached skill level 11 in Unarmed Combat
  9195 | D:9      | Reached XP level 11. HP: 104/107 MP: 8/10
  9286 | D:10     | Found a staircase to the Lair.
  9344 | D:10     | Found a portal to a secret trove of treasure.
  9376 | D:10     | Found a staircase to the Orcish Mines.
  9376 | D:10     | Noticed an orc knight
  9426 | D:10     | Killed an orc knight
  9466 | D:10     | Found Jut Uxag's Weapon Shop.
 10247 | D:8      | Bought a scroll of identify for 58 gold pieces
 10247 | D:8      | Bought a scroll of identify for 58 gold pieces
 10316 | Lair:1   | Entered Level 1 of the Lair of Beasts
 10853 | Lair:1   | Noticed an eight-headed hydra
 11092 | D:11     | Found Syaxt's Book Boutique.
 11298 | D:11     | Found a runed gate.
 11298 | D:11     | Noticed a brown ugly thing
 11299 | D:11     | Found a runed gate.
 11300 | D:11     | Found a runed gate.
 11303 | D:11     | Noticed a green ugly thing
 11303 | D:11     | Noticed a red ugly thing
 11303 | D:11     | Noticed a green ugly thing
 11304 | D:11     | Noticed a white ugly thing
 11408 | D:11     | Noticed an unseen horror
 11414 | D:11     | Killed an unseen horror
 11414 | D:11     | Reached skill level 12 in Unarmed Combat
 11834 | D:12     | Found a shimmering altar of Xom.
 12163 | D:12     | Reached skill level 1 in Armour
 12513 | D:12     | Noticed an unseen horror
 12525 | D:12     | Killed an unseen horror
 12556 | D:12     | Noticed a seven-headed hydra
 12559 | D:12     | Killed a seven-headed hydra
 12559 | D:12     | Reached XP level 12. HP: 119/119 MP: 11/11
 12664 | Lair:1   | Killed an eight-headed hydra
 13905 | Lair:2   | Found a hole to the Spider Nest.
 14599 | Lair:3   | Reached skill level 13 in Unarmed Combat
 14930 | Lair:3   | You fall through a shaft!
 14976 | Lair:4   | Found an opulent altar of Gozag.
 14998 | Lair:4   | Noticed a six-headed hydra
 15005 | Lair:4   | HP: 1/120 [seven-headed hydra (11)]
 15005 | Lair:4   | Mangled by a seven-headed hydra

Skill      XL: |  1  2  3  4  5  6  7  8  9 10 11 12 |
---------------+-------------------------------------+-----
Throwing       | 1 2 3 4 5 6 7 8 |  8.4
Unarmed Combat | 4 5 6 8 9 11 12 13 | 13.1
Dodging        | 3 4 5 6 7 8 |  8.3
Fighting       | 3 4 5 6 7 8 |  8.2
Maces & Flails | 2 |  2.8
Armour         | 1 3 |  3.0
Stealth        | |  1.0

Action                   |  1- 3 |  4- 6 |  7- 9 | 10-12 || total
-------------------------+-------+-------+-------+-------++-------
Melee: Unarmed           |    95 |   210 |   356 |   539 ||  1200
       Punch             |       |     1 |    12 |    24 ||    37
Throw: Tomahawk          |       |    11 |    32 |    53 ||    96
       Stone             |       |       |    13 |    28 ||    41
       Javelin           |       |       |    17 |    43 ||    60
       Throwing net      |       |       |     2 |       ||     2
       Large rock        |       |       |       |    12 ||    12
Evoke: Wand              |       |     1 |     1 |     7 ||     9
  Use: Scroll            |     1 |     5 |     8 |    14 ||    28
       Potion            |       |       |     1 |       ||     1
 Stab: Sleeping          |     1 |     6 |       |     4 ||    11
       Distracted        |       |       |     1 |       ||     1
       Paralysed         |       |       |       |     6 ||     6
  Eat: Chunk             |    15 |    23 |    24 |    81 ||   143
       Ration            |     1 |       |       |       ||     1
Armor: Robe              |    28 |    61 |   106 |    45 ||   240
       Troll leather arm |       |       |       |    49 ||    49
Dodge: Dodged            |    49 |    84 |   188 |   281 ||   602
       Deflected         |       |       |       |     9 ||     9
